 Dungeon Crawl Stone Soup version 0.25-a0-578-gc91f01c39c (webtiles) character file.

Game seed: 2877964008679321854, levelgen mode: deterministic

131618 Flugslaktarn the Severer (level 16, 0/152 HPs)
             Began as a Deep Dwarf Fighter on Mar 5, 2020.
             Was the Champion of Makhleb.
             Hit by a silver javelin thrown by a merfolk javelineer (17 damage)
             ... on level 3 of the Shoals.
             The game lasted 00:13:45 (15118 turns).

Flugslaktarn the Severer (Deep Dwarf Fighter)      Turns: 15118, Time: 00:13:45

Health: 0/152      AC: 27    Str: 43      XL:     16   Next: 25%
Magic:  2/2        EV:  9    Int: 10      God:    Makhleb [******]
Gold:   1413       SH: 21    Dex: 17 (18) Spells: 15/15 levels left

rFire    x x .     SeeInvis .   X - +1 broad axe (vorpal)
rCold    + . .     Gourm    .   c - +0 kite shield
rNeg     + + .     Faith    .   A - +1 plate armour of Tulips {Str+4}
rPois    .         Spirit   .   (no helmet)
rElec    .         Reflect  +   y - +2 cloak
rCorr    .         Harm     .   O - +2 pair of gloves
MR       ++++.                  J - +2 pair of boots "Ikhleamidd" {rF- rN+ Dex+6}
Stlth    ..........             a - amulet "Xuanivud" {Reflect +Fly MR+ SH+5}
HPRegen  0.00/turn              Z - ring of Ruefujoh {Ice *Corrode MR+ Str+7}
MPRegen  0.08/turn              W - +6 ring of strength

@: non-regenerating, very slow
A: damage resistance, heal wounds, negative energy resistance 1, sense
surroundings 2, no regeneration
}: 1/15 runes: gossamer
a: Heal Wounds, Minor Destruction, Lesser Servant of Makhleb, Major Destruction,
Greater Servant of Makhleb, Renounce Religion, Evoke Flight


You were on level 3 of the Shoals.
You worshipped Makhleb.
Makhleb was exalted by your worship.
You were not hungry.

You visited 4 branches of the dungeon, and saw 26 of its levels.
You also visited: Bailey.

You collected 1413 gold pieces.

Inventory:

Hand Weapons
 p - a +1 hand axe of flaming
   (You took it off a big kobold on level 8 of the Dungeon)
 X - a +1 vorpal broad axe (weapon)
   (You took it off an orc warrior in a bailey)
Missiles
 s - a throwing net (quivered)
Armour
 c - a +0 kite shield (worn)
 y - a +2 cloak (worn)
   (You found it on level 6 of the Dungeon)
 A - the +1 plate armour of Tulips (worn) {Str+4}
   (You found it on level 3 of the Lair of Beasts)

   It affects your strength (+4).
   If you remove this armour, your AC will decrease by 17 (27 -> 10).
 J - the +2 pair of boots "Ikhleamidd" (worn) {rF- rN+ Dex+6}
   (You found it on level 1 of the Lair of Beasts)

   It affects your dexterity (+6).
   It makes you vulnerable to fire.
   It protects you from negative energy.
   If you remove this armour, your AC will decrease by 3 (27 -> 24).
 O - a +2 pair of gloves (worn)
   (You found it on level 8 of the Dungeon)
Jewellery
 a - the amulet "Xuanivud" (around neck) {Reflect +Fly MR+ SH+5}
   (You acquired it on level 13 of the Dungeon)

   [amulet of reflection]

   It shields you and reflects attacks.
   It affects your resistance to hostile enchantments.
   It lets you fly.
   It affects your SH (+5).
 f - an uncursed ring of protection from fire
   (You found it on level 4 of the Lair of Beasts)
 k - an uncursed ring of resist corrosion
   (You found it on level 1 of the Lair of Beasts)
 D - a +3 ring of evasion
   (You took it off an orc priest on level 8 of the Dungeon)
 F - an uncursed amulet of regeneration {unknown}
   (You found it on level 1 of the Shoals)
 W - a +6 ring of strength (right hand)
   (You found it on level 11 of the Dungeon)
 Z - the ring of Ruefujoh (left hand) {Ice *Corrode MR+ Str+7}
   (You acquired it on level 13 of the Dungeon)

   [ring of ice]

   It enhances your ice magic.
   It affects your strength (+7).
   It makes you vulnerable to fire.
   It protects you from cold.
   It affects your resistance to hostile enchantments.
   It may corrode you when you take damage.
Wands
 m - a wand of scattershot (3)
   (You found it on level 7 of the Dungeon)
 v - a wand of digging (6)
   (You found it on level 2 of the Lair of Beasts)
 G - a wand of enslavement (8)
   (You found it on level 1 of the Lair of Beasts)
 I - a wand of acid (6)
   (You found it on level 2 of the Lair of Beasts)
 P - a wand of iceblast (35)
   (You found it on level 8 of the Dungeon)
 Q - a wand of paralysis (4)
   (You found it on level 4 of the Lair of Beasts)
Scrolls
 g - a scroll of enchant armour
 j - a scroll of silence
 l - 5 scrolls of magic mapping
 t - 4 scrolls of teleportation
 x - 11 scrolls of remove curse
 z - 2 scrolls of blinking
 C - 2 scrolls of immolation
 L - 6 scrolls of fog
 M - 2 scrolls of summoning
 T - 3 scrolls of fear
Potions
 b - a potion of brilliance
 d - 2 potions of might
 h - 2 potions of haste
 i - 2 potions of lignification
 n - 3 potions of resistance
 o - 2 potions of invisibility
 u - 2 potions of magic
 w - 6 potions of heal wounds
 B - 3 potions of cancellation
 E - 3 potions of berserk rage
 K - 3 potions of ambrosia
 N - 2 potions of mutation {unknown}
 R - a potion of flight
Miscellaneous
 S - a lamp of fire
   (You found it on level 4 of the Lair of Beasts)
Comestibles
 e - 32 rations
 q - 11 chunks of flesh


   Skills:
 + Level 11.6 Fighting
 - Level 18.0 Axes
 + Level 13.5 Armour
 + Level 13.5 Shields
 - Level 15.0 Invocations


You had 15 spell levels left.
You didn't know any spells.
Your spell library was empty.

Dungeon Overview and Level Annotations

Branches:
Dungeon (13/15)            Temple (0/1) D:6            Lair (6/6) D:9
 Shoals (3/4) Lair:4       Spider (4/4) Lair:2        Slime (0/5) Lair:6
    Orc (0/2) D:11         Bailey (visited)
 Vaults: D:13-14

Altars:
Ashenzari
Cheibriados
Elyvilon
Fedhas
Kikubaaqudgha
Makhleb
Sif Muna
Trog
Uskayaw
Vehumet
Wu Jian
Yredelemnul
Jiyva

Shops:
D:5 ?

Annotations:
D:8 Psyche
Spider:3 Flugslaktarn's ghost, journeyman DDFi


Innate Abilities, Weirdness & Mutations

You are resistant to damage.
You can heal yourself by infusing magical energy.
You resist negative energy. (rN+)
You passively map the area around you.
You do not regenerate.


Message History

You are too injured to fight recklessly!
You are too injured to fight recklessly!
You are too injured to fight recklessly!
Your unstable footing causes you to fumble your attack.
The merfolk javelineer throws a silver javelin.
The silver javelin pierces through you!!
* * * LOW HITPOINT WARNING * * *
x2 The silver javelin misses the merfolk impaler.
You block the merfolk's attack. The merfolk impaler closely misses you.
The merfolk hits you but does no damage.
You block the snapping turtle's attack.
You feel much better. You block the merfolk's attack.
The water nymph touches you.
* * * LOW HITPOINT WARNING * * *
The water nymph drowns you!
* * * LOW HITPOINT WARNING * * *
You block the merfolk impaler's attack.
The merfolk javelineer throws a silver javelin.
The silver javelin pierces through you!!
You die...

≈ ,, ≈ ≈ ≈ ≈ ≈≈ , , ,
,..≈≈≈≈≈≈≈≈..≈≈†. , ,,
≈,,..≈≈≈≈≈≈≈≈...≈(..≈≈≈
, , ,,*
#...≈≈≈......≈...≈ ,
*#(..≈.......≈†.. ≈ ,,,
* #............≈†. , ,
* ##..≈........≈≈≈ , ,
* #..≈≈≈.mmm...... ≈ ,
#....)tm@m......≈ ≈ ,
#....†≈≈)m...... , ≈ *
#..?............, , ,
**#.....<.)....... ,
............≈≈≈.. , ≈
,≈..≈≈≈≈≈≈≈≈≈≈≈≈≈. , ≈
≈≈≈≈≈≈≈≈(≈≈≈≈≈≈(. , ≈
≈≈≈≈≈≈≈≈≈≈≈≈≈≈... , ≈
≈≈≈≈..≈≈≈≈≈≈≈≈≈.. ,


You could see a merfolk impaler, a merfolk javelineer, a snapping turtle, 3
merfolk and a water nymph.

Vanquished Creatures
  2 ghost moths (Spider:4)
  7 emperor scorpions
  An entropy weaver (Spider:1)
  2 spark wasps (Spider:4)
  Josephine (Shoals:1)
  2 merfolk impalers
  Fannar (D:11)
  13 hydras
  Harold (D:11)
  A merfolk avatar (Shoals:2)
  4 two-headed ogres
  Urug (D:11)
  An orc high priest (Bailey)
  9 death yaks
  Nergalle (D:12)
  4 skeletal warriors (D:11)
  2 sea snakes
  An orc knight (Bailey)
  23 wolf spiders
  A manticore (Shoals:1)
  A cyclops (Shoals:1)
  7 orb spiders
  4 merfolk sirens
  2 moths of wrath (Spider:4)
  15 elephants
  A water nymph (Shoals:1)
  2 black mambas
  9 spiny frogs
  2 gargoyles
  A torpor snail (Spider:4)
  16 komodo dragons
  6 rime drakes
  6 demonic crawlers
  A kobold demonologist (Bailey)
  8 merfolk
  A meliai (D:13)
  A queen bee (D:13)
  2 trolls
  17 jumping spiders
  Grinder (D:6)
  A wind drake (Shoals:1)
  3 polar bears (Lair:6)
  11 hornets
  Prince Ribbit (D:8)
  A snapping turtle (Shoals:3)
  10 dream sheep
  3 blink frogs (Lair:3)
  6 hippogriffs
  A water elemental (Shoals:1)
  3 wyverns
  31 redbacks
  9 spriggans (Lair:6)
  5 wraiths
  29 yaks
  18 tarantellas
  4 basilisks
  12 steam dragons (Lair:3)
  A hungry ghost (D:9)
  An acid dragon (Lair:3)
  16 porcupines
  12 water moccasins
  16 orc warriors
  10 black bears
  2 sky beasts
  6 ice beasts
  5 ogres
  A necrophage (D:9)
  5 boggarts (Lair:6)
  3 phantoms
  23 wolves
  10 centaurs
  18 crocodiles
  4 big kobolds
  20 bullfrogs
  A gnoll sergeant (D:6)
  4 scorpions
  A wyvern skeleton (D:8)
  19 killer bees
  9 wights
  4 howler monkeys
  4 electric eels (Bailey)
  7 crimson imps
  A bullfrog zombie (D:9)
  2 centaur zombies
  2 quasits
  6 jellies
  4 hounds
  2 bullfrog skeletons
  5 orc priests
  3 centaur skeletons
  7 iguanas
  5 orc wizards
  10 worker ants
  A hound skeleton (D:8)
  2 hound zombies
  11 gnolls
  12 adders
  A shadow imp (D:5)
  An adder zombie (D:8)
  An adder skeleton (D:7)
  3 worms
  9 leopard geckos
  37 orcs
  A ball python (D:2)
  4 giant cockroaches
  12 goblins
  10 hobgoblins
  5 jackals (D:4)
  4 quokkas
  7 bats
  A giant cockroach zombie (D:5)
  A jackal skeleton (D:5)
  A jackal zombie (D:9)
  8 kobolds
  A quokka skeleton (D:7)
  A rat (D:1)
  3 fungi
715 creatures vanquished.

Vanquished Creatures (collateral kills)
  2 wolf spiders (Spider:4)
  An orb spider (Spider:4)
  2 demonic crawlers (Spider:4)
  A hornet (Spider:4)
  2 redbacks (Spider:4)
  2 tarantellas (Spider:4)
10 creatures vanquished.

Vanquished Creatures (others)
  2 rime drakes (Lair:3)
  A merfolk (Shoals:2)
  2 steam dragons (Lair:3)
  A crocodile (Lair:3)
  2 fungi
  2 plants
10 creatures vanquished.

Grand Total: 735 creatures vanquished

Notes
Turn   | Place    | Note
-------+----------+-------------------------------------------
     0 | D:1      | Flugslaktarn the Deep Dwarf Fighter began the quest for the
                  | Orb.
     0 | D:1      | Reached XP level 1. HP: 20/20 MP: 1/1
   136 | D:1      | Reached XP level 2. HP: 27/27 MP: 2/2
   302 | D:2      | Found a radiant altar of Vehumet.
   335 | D:2      | Reached skill level 3 in Axes
   339 | D:2      | Reached XP level 3. HP: 22/34 MP: 3/3
   506 | D:2      | Found a snail-covered altar of Cheibriados.
   506 | D:2      | Found a shattered altar of Ashenzari.
   586 | D:2      | Reached XP level 4. HP: 26/42 MP: 4/4
   602 | D:3      | Found a burning altar of Makhleb.
   615 | D:3      | Became a worshipper of Makhleb the Destroyer
   682 | D:3      | Reached skill level 1 in Invocations
   682 | D:3      | Reached XP level 5. HP: 44/49 MP: 4/4
   923 | D:4      | Reached skill level 4 in Axes
   936 | D:4      | Noticed an ogre
   942 | D:4      | HP: 1/49 [ogre/+0 giant club (15)]
   948 | D:4      | Killed an ogre
   973 | D:4      | Reached XP level 6. HP: 43/56 MP: 4/4
  1127 | D:4      | Reached * piety under Makhleb
  1257 | D:4      | Found a shimmering blue altar of Sif Muna.
  1448 | D:4      | Reached skill level 5 in Axes
  1669 | D:5      | Entered Level 5 of the Dungeon
  1672 | D:5      | Found Liedutz's Magic Scroll Shoppe.
  1769 | D:5      | Reached XP level 7. HP: 59/63 MP: 4/4
  1922 | D:5      | Reached skill level 5 in Shields
  1937 | D:5      | Reached skill level 5 in Armour
  1981 | D:5      | Found an ornate altar of the Wu Jian Council.
  2061 | D:5      | Reached skill level 6 in Axes
  2371 | D:5      | Found a blossoming altar of Fedhas.
  2443 | D:5      | Reached XP level 8. HP: 56/73 MP: 5/5
  2587 | D:6      | Noticed Grinder
  2600 | D:6      | Reached ** piety under Makhleb
  2612 | D:6      | Killed Grinder
  2629 | D:6      | Reached skill level 7 in Axes
  2648 | D:6      | Reached skill level 5 in Invocations
  2718 | D:6      | Found a staircase to the Ecumenical Temple.
  2905 | D:6      | Reached skill level 5 in Fighting
  3105 | D:6      | Gained mutation: You passively map the area around you.
                  | [Deep Dwarf growth]
  3105 | D:6      | Reached XP level 9. HP: 48/81 MP: 6/6
  3535 | D:7      | Reached skill level 8 in Axes
  3804 | D:7      | Found a bloodstained altar of Trog.
  3995 | D:7      | Reached *** piety under Makhleb
  4142 | D:8      | Noticed a two-headed ogre
  4154 | D:8      | Killed a two-headed ogre
  4154 | D:8      | Reached skill level 9 in Axes
  4210 | D:8      | Noticed Prince Ribbit
  4283 | D:8      | Reached XP level 10. HP: 77/91 MP: 5/5
  4497 | D:8      | Reached skill level 10 in Axes
  4533 | D:8      | Noticed a three-headed hydra
  4541 | D:8      | Killed a one-headed hydra
  4604 | D:8      | Noticed Psyche
  4840 | D:8      | Reached **** piety under Makhleb
  5088 | D:8      | Killed Prince Ribbit
  5117 | D:9      | Found a staircase to the Lair.
  5300 | D:9      | Reached skill level 11 in Axes
  5363 | D:9      | Reached XP level 11. HP: 99/99 MP: 5/5
  5589 | D:9      | Found a basalt altar of Yredelemnul.
  5699 | D:9      | Noticed a -1 dagger
  5700 | D:9      | Noticed a +0 hand axe
  5701 | D:9      | Found a hide-covered altar of Uskayaw.
  5781 | D:9      | Found an ancient bone altar of Kikubaaqudgha.
  6006 | D:10     | Entered Level 10 of the Dungeon
  6117 | Lair:1   | Entered Level 1 of the Lair of Beasts
  6419 | Lair:1   | Reached ***** piety under Makhleb
  6506 | Lair:1   | Noticed a four-headed hydra
  6513 | Lair:1   | Killed a one-headed hydra
  6597 | Lair:1   | Got a pair of jewelled boots
  6603 | Lair:1   | Identified the +2 pair of boots "Ikhleamidd" {rF- rN+
                  | Dex+6} (You found it on level 1 of the Lair of Beasts)
  7111 | Lair:2   | Reached skill level 12 in Axes
  7144 | Lair:2   | Noticed a four-headed hydra
  7160 | Lair:2   | Reached skill level 10 in Invocations
  7164 | Lair:2   | Killed a one-headed hydra
  7182 | Lair:2   | Reached XP level 12. HP: 36/110 MP: 6/6
  7303 | Lair:2   | Found a hole to the Spider Nest.
  7896 | Lair:3   | Reached skill level 13 in Axes
  7921 | Lair:3   | Reached skill level 10 in Shields
  8004 | Lair:3   | Reached skill level 10 in Armour
  8089 | Lair:3   | Found a white marble altar of Elyvilon.
  8500 | Lair:3   | Got a shimmering plate armour
  8511 | Lair:3   | Identified the +1 plate armour of Tulips {Str+4} (You found
                  | it on level 3 of the Lair of Beasts)
  8749 | Lair:4   | Noticed a death yak
  8749 | Lair:4   | Noticed a death yak
  8749 | Lair:4   | Noticed a death yak
  8749 | Lair:4   | Noticed a death yak
  8774 | Lair:3   | Killed a death yak
  8799 | Lair:3   | Killed a death yak
  8867 | Lair:4   | Killed a death yak
  8867 | Lair:4   | Reached XP level 13. HP: 75/120 MP: 5/5
  8872 | Lair:4   | Reached skill level 14 in Axes
  8968 | Lair:4   | Found a staircase to the Shoals.
  9088 | Lair:4   | Identified Etut's Disquisition on Ghastly Heat
 10469 | Lair:5   | Reached ****** piety under Makhleb
 10552 | Lair:5   | You fall into a shaft and drop 1 floor!
 10552 | Lair:6   | Entered Level 6 of the Lair of Beasts
 10711 | Lair:6   | Reached skill level 15 in Axes
 10751 | Lair:6   | Gained mutation: You resist negative energy. (rN+) [Deep
                  | Dwarf growth]
 10751 | Lair:6   | Reached XP level 14. HP: 86/130 MP: 7/7
 11040 | Lair:6   | Reached skill level 10 in Fighting
 11054 | Lair:6   | Paralysed by a hornet for 1 turns
 11108 | Lair:6   | Found a staircase to the Slime Pits.
 11110 | Lair:6   | Found a viscous altar of Jiyva.
 11665 | Lair:6   | Paralysed by a hornet for 1 turns
 11988 | D:11     | Noticed Urug
 12035 | D:11     | Killed Urug
 12075 | D:11     | Found a staircase to the Orcish Mines.
 12118 | D:11     | Noticed Harold
 12149 | D:11     | Killed Harold
 12273 | D:11     | Noticed Fannar
 12306 | D:11     | Killed Fannar
 12306 | D:11     | Reached skill level 16 in Axes
 12560 | D:12     | Noticed Nergalle
 12587 | D:12     | Killed Nergalle
 12792 | D:13     | Found a flagged portal.
 12809 | Bailey   | Entered a bailey
 12890 | Bailey   | Found an iron altar of Okawaru.
 13307 | D:13     | Identified the ring of Ruefujoh {Ice *Corrode MR+ Str+7}
                  | (You acquired it on level 13 of the Dungeon)
 13310 | D:13     | Identified the amulet "Xuanivud" {Reflect +Fly MR+ SH+5}
                  | (You acquired it on level 13 of the Dungeon)
 13310 | D:13     | Identified the +0 broad axe of the Middle {vorpal, rPois
                  | rN+ Int-3 Dex+3} (You acquired it on level 13 of the
                  | Dungeon)
 13572 | Spider:1 | Entered Level 1 of the Spider Nest
 13603 | Spider:1 | Noticed an entropy weaver
 13634 | Spider:1 | Killed an entropy weaver
 13641 | Spider:1 | Reached XP level 15. HP: 127/140 MP: 7/7
 13849 | Spider:4 | Entered Level 4 of the Spider Nest
 14016 | Spider:4 | Reached skill level 17 in Axes
 14298 | Spider:4 | Killed a ghost moth
 14334 | Spider:4 | Killed a ghost moth
 14403 | Spider:4 | Reached XP level 16. HP: 116/151 MP: 6/8
 14497 | Spider:4 | Got a gossamer rune of Zot
 14594 | Spider:3 | Noticed Flugslaktarn's ghost (journeyman DDFi)
 14687 | Shoals:1 | Entered Level 1 of the Shoals
 14874 | Shoals:1 | Noticed Josephine
 14883 | Shoals:1 | Killed Josephine
 14986 | Shoals:2 | Reached skill level 15 in Invocations
 15092 | Shoals:3 | Reached skill level 18 in Axes
 15118 | Shoals:3 | Hit by a silver javelin thrown by a merfolk javelineer

Levels and vault maps discovered:
D:1:      minmay_arrival_stair_chambers, layout_basic
D:2:      layout_loops_ring, marbit_many_paths,
          gammafunk_temple_overflow_elements
D:3:      layout_rooms, grunt_temple_overflow_opulence, lemuel_crystal_altar
D:4:      layout_basic, old_standard_altar, first_ration
D:5:      layout_basic, kennysheep_mini, overflow_temple_1_default,
          serial_shops, nicolae_shop_waterfront, minmay_manual_mess
D:6:      minmay_angry_zag, layout_loops_ring, minmay_temple_entry_mist,
          uniq_grinder
D:7:      layout_rooms, lemuel_round_altar
D:8:      layout_gridville, hangedman_ranch [blue_anna_fruit_fields],
          uniq_psyche, uniq_prince_ribbit1
D:9:      layout_stronghold, nicolae_overflow_crystal_walls,
          overflow_temple_1_default, dancing_weapons_uskayaw,
          minmay_lair_entry_grove, serial_rivers,
          chequers_serial_rivers_small_a, chequers_serial_rivers_micro_e,
          chequers_serial_rivers_room_b, chequers_serial_rivers_small_a,
          chequers_serial_rivers_large_a
D:10:     layout_long_grid
D:11:     layout_long_grid, orc_david_3, sword_in_stone, uniq_sonja,
          uniq_fannar, uniq_harold, uniq_urug
D:12:     layout_stronghold, drop_trap, uniq_maurice, uniq_nergalle
D:13:     layout_stronghold, enter_bailey_6, basic_altar,
          portal_ice_cave_entry_imps, minivault_7
Lair:1:   cheibrodos_lair_river_kwai, layout_regular_city
Lair:2:   layout_long_grid, spider_nest_entry_funnel_web, st_stairs_8,
          beast_lair_carwin_4, infiniplex_staircase_pool_2
Lair:3:   layout_roguey, basic_altar, bobbens_dragon_lair_wall,
          grunt_megastairs_5
Lair:4:   cheibrodos_lair_overgrown_chateau, layout_small_grid,
          minmay_shoals_entry_lonely_mermaid
Lair:5:   layout_cave_pods, chequers_serial_rivers_micro_d
Lair:6:   minmay_lair_end_enchanted_forest, layout_hall_layers, slime_altar_1
Shoals:1: layout_shoals, uniq_josephine
Shoals:2: layout_shoals, serial_shops, statue_bzr
Shoals:3: layout_shoals, nicolae_shoals_hunting_party
Spider:1: layout_spider_delve
Spider:2: layout_spider_delve
Spider:3: layout_spider_delve, gammafunk_ghost_arena, drop_trap, uniq_arachne
Spider:4: guppyfry_spider_rune, drop_trap

Skill      XL: |  1  2  3  4  5  6  7  8  9 10 11 12 13 14 15 16 |
---------------+-------------------------------------------------+-----
Axes           | 3 4 5 6 7 9 11 12 13 15 16 17 18 | 18.0
Fighting       | 3 4 5 6 7 8 9 10 11 | 11.6
Shields        | 4 5 6 7 8 9 10 11 12 13 | 13.5
Armour         | 4 5 6 7 8 9 10 11 12 13 | 13.5
Invocations    | 1 2 3 4 5 7 8 10 11 12 13 14 15 | 15.0

Action                   |  1- 3 |  4- 6 |  7- 9 | 10-12 | 13-15 | 16-18 || total
-------------------------+-------+-------+-------+-------+-------+-------++-------
Melee: War axe           |   109 |   225 |   454 |    32 |       |       ||   820
       Hand axe          |       |       |       |   979 |  1226 |       ||  2205
       Broad axe         |       |       |       |       |   437 |   202 ||   639
Invok: Greater Servant o |       |       |       |       |     2 |       ||     2
 Abil: Heal Wounds       |     2 |     6 |    13 |    23 |    13 |    11 ||    68
       Evoke Berserk Rag |       |       |       |     1 |       |       ||     1
Evoke: Wand              |       |       |       |       |     1 |       ||     1
  Use: Scroll            |       |     1 |     8 |    13 |    17 |     2 ||    41
       Potion            |       |       |       |     3 |     8 |       ||    11
 Stab: Distracted        |       |       |     1 |       |     1 |       ||     2
       Petrified         |       |       |       |       |    15 |       ||    15
  Eat: Chunk             |       |     4 |     9 |    16 |    16 |     1 ||    46
       Ration            |       |       |       |     1 |     1 |     1 ||     3
Armor: Scale mail        |    49 |       |       |       |       |       ||    49
       Chain mail        |    17 |   141 |   173 |       |       |       ||   331
       Plate armour      |       |       |   116 |   602 |   839 |   121 ||  1678
Dodge: Dodged            |    27 |    42 |   127 |   386 |   448 |    52 ||  1082
Block: Kite shield       |    68 |   111 |   305 |   639 |  1263 |   238 ||  2624
       Reflection        |       |       |       |       |       |    13 ||    13

Table legend:
 A = Non-vault XP
 B = Vault XP
 C = Vault XP percentage of total XP
 D = Non-vault monster count
 E = Vault monster count
 F = Vault count percentage of total count
                 A         B        C        D         E       F
            +---------+---------+-------+---------+---------+-------
      Total |  108527 |   60928 |  36.0 |     496 |     232 |  31.9
            +---------+---------+-------+---------+---------+-------
        D:1 |      20 |       0 |   0.0 |      11 |       0 |   0.0
        D:2 |      93 |       2 |   2.1 |      11 |       1 |   8.3
        D:3 |      95 |       0 |   0.0 |      13 |       0 |   0.0
        D:4 |     463 |       0 |   0.0 |      28 |       0 |   0.0
        D:5 |     467 |     287 |  38.1 |      17 |       4 |  19.0
        D:6 |     968 |     539 |  35.8 |      19 |       7 |  26.9
        D:7 |    1029 |       0 |   0.0 |      24 |       0 |   0.0
        D:8 |    2433 |    2429 |  50.0 |      24 |       9 |  27.3
        D:9 |    1528 |    1691 |  52.5 |      28 |      13 |  31.7
       D:10 |     649 |       0 |   0.0 |      11 |       0 |   0.0
       D:11 |    5552 |    3043 |  35.4 |      16 |       8 |  33.3
       D:12 |    3405 |     789 |  18.8 |      30 |       1 |   3.2
       D:13 |    2932 |     919 |  23.9 |       8 |       7 |  46.7
     Lair:1 |    2561 |    1651 |  39.2 |      15 |       5 |  25.0
     Lair:2 |    5371 |    2409 |  31.0 |      23 |       8 |  25.8
     Lair:3 |    8206 |    4751 |  36.7 |      27 |      24 |  47.1
     Lair:4 |    3012 |    4864 |  61.8 |      11 |      15 |  57.7
     Lair:5 |    7294 |       0 |   0.0 |      24 |       0 |   0.0
     Lair:6 |   18176 |    6820 |  27.3 |      40 |      39 |  49.4
   Shoals:1 |    6601 |    1954 |  22.8 |      16 |       5 |  23.8
   Shoals:2 |    2994 |       0 |   0.0 |       5 |       0 |   0.0
   Shoals:3 |    1747 |     905 |  34.1 |       4 |       3 |  42.9
   Spider:1 |    7147 |       0 |   0.0 |      17 |       0 |   0.0
   Spider:2 |    6563 |       0 |   0.0 |      22 |       0 |   0.0
   Spider:3 |    2969 |       0 |   0.0 |       6 |       0 |   0.0
   Spider:4 |   16252 |   24286 |  59.9 |      46 |      40 |  46.5
     Bailey |       0 |    3589 | 100.0 |       0 |      43 | 100.0
            +---------+---------+-------+---------+---------+-------
